 Dungeon Crawl Stone Soup version 0.22-a0-414-gacd343e8ff (webtiles) character file.

188409 M4edhros the Covert (level 18, -5/118 HPs)
             Began as an Octopode Artificer on May 13, 2018.
             Was the Champion of Fedhas.
             Shot with a bolt by a naga sharpshooter (24 damage)
             ... on level 3 of the Snake Pit.
             The game lasted 02:36:08 (27572 turns).

M4edhros the Covert (Octopode Artificer)           Turns: 27572, Time: 02:36:11

Health: -5/118     AC:  3    Str: 20    XL:     18   Next: 9%
Magic:  25/30      EV: 23    Int: 13    God:    Fedhas [******]
Gold:   2429       SH: 18    Dex: 23    Spells: 15/33 levels left

rFire    . . .     SeeInvis .   r - +5 eveningstar (freeze)
rCold    + . .     Gourm    +   E - +5 shield of the Bruised Ghosts {MR+ Dex+4 Stlth+}
rNeg     + . .     Faith    .   z - +2 hat {MR+}
rPois    +         Spirit   .   d - amulet of the gourmand
rElec    .         Reflect  .   F - ring of poison resistance
rCorr    .         Harm     .   H - +4 ring of strength
MR       +++++     Clarity  +   N - +2 ring of slaying
Stlth    +++++++++.             O - ring of protection from magic
HPRegen  1.29/turn              V - ring of positive energy
MPRegen  0.22/turn              s - ring of protection from cold
                                y - ring of protection from magic
                                i - +3 ring of strength

@: regenerating
A: almost no armour, stealthy swim, amphibious, 8 rings, constrict 8, camouflage
2, clarity, mutation resistance 1, screaming 1, gelatinous body 1
}: 1/15 runes: barnacled
a: Fungal Bloom, Evolution, Sunlight, Growth, Reproduction, Rain, Renounce
Religion


You were on level 3 of the Snake Pit.
You worshipped Fedhas.
Fedhas was exalted by your worship.
You were not hungry.

You visited 5 branches of the dungeon, and saw 30 of its levels.
You also visited: Ossuary, Bailey, Ice Cave and Volcano.

You collected 3099 gold pieces.
You spent 670 gold pieces at shops.

Inventory:

Hand Weapons
 r - a +5 eveningstar of freezing (weapon)
 v - the +8 demon blade "Leech" {vamp, rN+ AC-3 EV-3}
   (You found it on level 6 of the Lair of Beasts)

   It inflicts no extra harm, but heals its wielder when it wounds a living foe.
   It affects your AC (-3).
   It affects your evasion (-3).
   It protects you from negative energy.
 A - the +7 dagger of Contradiction {freeze, rPois}
   (You found it on level 3 of the Shoals)

   It has been specially enchanted to freeze those struck by it, causing extra
   injury to most foes and up to half again as much damage against particularly
   susceptible opponents.
   It can also slow down cold-blooded creatures.
   It protects you from poison.
 D - a +2 fustibalus of freezing
 G - the +7 hunting sling "Duluifes" {flame, *Corrode rF++ rC+}
   (You found it on level 5 of the Dungeon)

   It causes projectiles fired from it to burn those they strike, causing extra
   injury to most foes and up to half again as much damage against particularly
   susceptible opponents.
   It greatly protects you from fire.
   It protects you from cold.
   It may corrode you when you take damage.
Missiles
 e - 441 stones (quivered)
 T - 89 sling bullets
Armour
 q - the +0 shield "Doujoin" {Str+7}
   (You acquired it on level 4 of the Lair of Beasts)

   It affects your strength (+7).
 z - a +2 hat of magic resistance (worn)
 E - the +5 shield of the Bruised Ghosts (worn) {MR+ Dex+4 Stlth+}
   (You took it off Donald on level 3 of the Snake Pit)

   It affects your dexterity (+4).
   It affects your resistance to hostile enchantments.
   It makes you more stealthy.
Jewellery
 d - an amulet of the gourmand (around mantle)
 i - a +3 ring of strength (on tentacle)
 s - a ring of protection from cold (on tentacle)
 y - a ring of protection from magic (on tentacle)
 F - a ring of poison resistance (left tentacle)
 H - a +4 ring of strength (right tentacle)
 J - an uncursed amulet of rage
 N - a +2 ring of slaying (on tentacle)
 O - a ring of protection from magic (on tentacle)
 V - a ring of positive energy (on tentacle)
Wands
 b - a wand of flame (71)
 c - a wand of enslavement (21)
 L - a wand of clouds (4)
 M - a wand of random effects (39)
 R - a wand of iceblast (14)
 W - a wand of digging (39)
 X - a wand of scattershot (1)
Scrolls
 g - 4 scrolls of immolation
 j - 9 scrolls of teleportation
 k - 3 scrolls of fear
 m - 5 scrolls of identify
 o - 2 scrolls of blinking
 t - 3 scrolls of fog
 u - a scroll of magic mapping
 Y - 2 scrolls of enchant armour
Potions
 h - 3 potions of curing
 n - 3 potions of might
 p - 4 potions of agility
 w - 2 potions of magic
 x - 2 potions of resistance
 B - 5 potions of heal wounds
 C - 3 potions of cancellation
 I - a potion of ambrosia
 K - 2 potions of lignification
 P - 3 potions of berserk rage
 S - 8 potions of haste
 U - a potion of brilliance
 Z - a potion of flight
Miscellaneous
 a - a phial of floods
 l - a phantom mirror
Comestibles
 f - 41 rations


   Skills:
 + Level 9.0 Fighting
 - Level 1.0 Short Blades
 * Level 11.1 Maces & Flails
 - Level 11.9 Slings
 * Level 10.9 Dodging
 - Level 13.6 Stealth
 * Level 11.3 Shields
 - Level 8.3 Spellcasting
 - Level 3.2 Conjurations
 - Level 4.6 Charms
 - Level 4.5 Necromancy
 - Level 3.3 Fire Magic
 - Level 3.1 Air Magic
 - Level 3.7 Poison Magic
 + Level 13.3 Invocations
 - Level 10.0 Evocations


You had 15 spell levels left.
You knew the following spells:

 Your Spells              Type           Power        Failure   Level  Hunger
a - Mephitic Cloud        Conj/Pois/Air  ##......     16%         3    ##.....
b - Conjure Flame         Conj/Fire      ##......     16%         3    ##.....
c - Regeneration          Chrm/Necr      ###.......   10%         3    ##.....
d - Song of Slaying       Chrm           ###.....     4%          2    None
e - Spectral Weapon       Hex/Chrm       ##......     24%         3    ##.....
f - Leda's Liquefaction   Hex/Erth       #.........   91%         4    ####...

Your spell library contained the following spells:

 Spells                   Type           Power        Failure   Level  Hunger
 Cause Fear               Hex            #.........   91%         4    ####...
 Magic Dart               Conj           ##..         5%          1    None
 Fireball                 Conj/Fire      ##........   83%         5    #####..
 Lightning Bolt           Conj/Air       ##........   83%         5    #####..
 Bolt of Magma            Conj/Fire/Erth ##........   93%         5    #####..
 Slow                     Hex            #.......     32%         2    None
 Confuse                  Hex            #.......     54%         3    ##.....
 Throw Flame              Conj/Fire      ##....       9%          2    None
 Freezing Cloud           Conj/Ice/Air   ##........   100%        6    #######
 Ring of Flames           Chrm/Fire      ###.......   100%        7    #######
 Venom Bolt               Conj/Pois      ##........   80%         5    #####..
 Olgreb's Toxic Radiance  Pois           ###.....     41%         4    ####...
 Teleport Other           Tloc           #.......     54%         3    ##.....
 Blink                    Tloc           N/A          32%         2    None
 Pain                     Necr           ###.         3%          1    None
 Animate Skeleton         Necr           N/A          3%          1    None
 Sticky Flame             Conj/Fire      ##......     47%         4    ####...
 Call Imp                 Summ           #.......     32%         2    None
 Sting                    Conj/Pois      ##..         4%          1    None
 Sublimation of Blood     Necr           ###.......   4%          2    None
 Iron Shot                Conj/Erth      #.........   100%        6    #######
 Shock                    Conj/Air       ##..         5%          1    None
 Swiftness                Chrm/Air       ###.....     6%          2    None
 Agony                    Necr           ###.....     65%         5    #####..
 Airstrike                Air            ##........   50%         4    ####...
 Confusing Touch          Hex            #.....       22%         1    None
 Flame Tongue             Conj/Fire      ##...        5%          1    None
 Metabolic Englaciation   Hex/Ice        #.........   99%         5    #####..
 Static Discharge         Conj/Air       ##......     17%         3    ##.....
 Corona                   Hex            #......      22%         1    None
 Excruciating Wounds      Chrm/Necr      ###.......   65%         5    #####..
 Portal Projectile        Hex/Tloc       #.....       54%         3    ##.....
 Petrify                  Tmut/Erth      #.......     91%         4    ####...
 Passage of Golubria      Tloc           N/A          91%         4    ####...
 Orb of Destruction       Conj           ##........   100%        7    #######
 Shroud of Golubria       Chrm/Tloc      ##........   12%         2    None
 Inner Flame              Hex/Fire       #.......     30%         3    ##.....
 Iskenderun's Battlesphe  Conj/Chrm      ###.....     75%         5    #####..
 Infusion                 Chrm           ###.         3%          1    None
 Spellforged Servitor     Conj/Summ      #.........   100%        7    #######
 Gell's Gravitas          Tloc           #.........   54%         3    ##.....
 Yara's Violent Unravell  Hex/Tmut       #.........   99%         5    #####..
 Lesser Beckoning         Tloc           #.........   54%         3    ##.....
 Poisonous Vapours        Pois/Air       ##....       8%          2    None


Dungeon Overview and Level Annotations

Branches:
Dungeon (15/15)            Temple (0/1) D:7            Lair (6/6) D:11
 Shoals (4/4) Lair:3        Snake (3/4) Lair:4        Slime (0/5) Lair:5
    Orc (2/2) D:10            Elf (0/3) Orc:2        Depths (0/5) D:15
 Vaults: D:13-14

Altars:
Elyvilon
Fedhas
Gozag
Kikubaaqudgha
Makhleb
Qazlal
Vehumet
Beogh
Jiyva

Shops:
D:11 !   D:14 (   Orc:2 ?}(?[}?:   Shoals:2 %   Shoals:4 *   Snake:2 *

Annotations:
D:13 Somebody's ghost, journeyman DECj
Shoals:4 Kriby's ghost, adept TrMo


Innate Abilities, Weirdness & Mutations

You cannot wear most types of armour.
You are very stealthy in the water. (Stealth+)
You are amphibious.
You can wear up to eight rings at the same time.
You can use your tentacles to constrict eight enemies at once.
Your skin blends seamlessly with your surroundings (Stealth++).
Your rubbery body absorbs attacks. (AC +1, EV +1)
You possess an exceptional clarity of mind.
You are somewhat resistant to further mutation.
You occasionally shout uncontrollably at your foes.


Message History

The floor.
The toadstool can now pick up its mycelia and move.
Your piety has decreased.
The naga warrior completely misses you.
Your wandering mushroom releases spores at the naga warrior but does no damage.
Casting: Regeneration (safe; 10% risk of failure)
Confirm with . or Enter, or press ? or * to list all spells.
Your skin crawls.
The naga sharpshooter unwields an uncursed glaive.
The naga sharpshooter wields an uncursed arbalest.
The naga sharpshooter casts a spell.
The naga sharpshooter magically shoots a bolt.
The bolt hits you!! You block the naga warrior's attack.
Your wandering mushroom barely misses the naga warrior.
The naga warrior hits you from afar with a trident!!
* * * LOW HITPOINT WARNING * * *
The naga sharpshooter mumbles some strange words.
The naga sharpshooter magically shoots a bolt.
The bolt hits you!!
You die...
Fedhas appreciates your contribution to the ecosystem.

...# ...# .
...# ..
...#.##
.......
####.(.....
##PP#)PP....
#PPP@§P§§..#
#.fP#P######
#.PN###
#.... #....
##N### .. ..


You could see a naga warrior, a naga sharpshooter and a friendly wandering
mushroom.

Vanquished Creatures
  Vashnia (Snake:2)
  2 krakens (Shoals:4)
  Frances (D:14)
  Donald (Snake:3)
  A nagaraja (Snake:2)
  Ilsuiw (Shoals:4)
  A frost giant (IceCv)
  Aizul (Shoals:2)
  2 entropy weavers (D:12)
  Nessos (Lair:6)
  A stone giant (Shoals:4)
  A dire elephant (D:15)
  Azrael (Orc:2)
  3 merfolk javelineers (Shoals:4)
  Josephine (Orc:1)
  Snorg (D:10)
  10 merfolk impalers
  Erolcha (Orc:2)
  Fannar (Lair:3)
  7 hydras
  6 naga warriors
  A centaur warrior (D:13)
  2 merfolk avatars
  2 anacondas
  5 two-headed ogres
  2 catoblepae (Lair:6)
  6 merfolk aquamancers
  2 ogre magi (Orc:2)
  A tengu warrior (D:13)
  8 naga sharpshooters
  2 shock serpents (Snake:1)
  Nergalle (Lair:3)
  3 death yaks
  4 wandering mushrooms
  11 sea snakes
  A naga ritualist (Snake:1)
  An orc knight (Bailey)
  An orb spider (shapeshifter) (D:15)
  A wolf spider zombie (D:11)
  5 harpies
  A deep elf mage (D:13)
  10 manticores
  8 orc sorcerers
  5 ugly things
  16 fauns
  2 mana vipers
  8 cyclopes
  9 salamanders
  3 naga magi
  8 water nymphs
  An ice statue (IceCv)
  11 merfolk sirens
  A guardian serpent (Snake:1)
  9 elephants
  11 black mambas
  A gargoyle (D:12)
  10 spiny frogs
  A kobold demonologist (D:11)
  4 komodo dragons
  4 rime drakes
  A tengu conjurer (D:13)
  14 polar bears (IceCv)
  16 merfolk
  3 trolls
  5 wind drakes
  4 slime creatures
  2 dream sheep (Shoals:4)
  14 snapping turtles
  5 blink frogs
  7 hippogriffs
  A shadow (D:11)
  2 vampires
  3 wyverns
  4 water elementals
  47 yaks
  2 wraiths
  3 basilisks
  4 fire elementals (Orc:2)
  4 hogs (D:7)
  2 fire bats (Volcano)
  A steam dragon (D:9)
  3 vampire mosquitoes (D:14)
  2 wargs
  A hungry ghost (D:6)
  14 nagas
  3 acid dragons
  23 soldier ants
  2 hell hounds
  8 water moccasins
  8 porcupines
  11 orc warriors
  2 ice beasts
  A sky beast (D:12)
  7 phantoms
  A black bear (D:6)
  12 ogres
  19 wolves
  5 boggarts (D:13)
  12 centaurs
  12 crocodiles
  2 big kobolds
  Blork the orc (D:4)
  17 bullfrogs
  4 scorpions
  2 water moccasin skeletons (Ossuary)
  10 killer bees
  5 howler monkeys
  A troll skeleton (D:10)
  11 wights
  7 electric eels
  A quasit (D:9)
  5 crimson imps
  7 hounds
  5 bullfrog skeletons
  A centaur zombie (D:8)
  7 centaur skeletons
  A gnoll shaman (D:10)
  3 jellies
  7 orc priests
  29 orc wizards
  Jessica (D:2)
  3 iguanas
  24 worker ants
  6 ogre skeletons (D:10)
  A big kobold skeleton (Ossuary)
  A hound zombie (D:8)
  2 mummies (Ossuary)
  2 worker ant zombies (D:8)
  17 adders
  8 gnolls
  6 shadow imps
  An ooze (D:2)
  3 adder skeletons
  3 dart slugs
  7 leopard geckos
  62 orcs
  5 ball pythons
  4 giant cockroaches
  10 goblins
  10 hobgoblins
  13 jackals
  10 quokkas
  7 bats
  7 frilled lizards
  5 gnoll skeletons (Ossuary)
  4 goblin skeletons (D:10)
  7 hobgoblin skeletons (Ossuary)
  28 kobolds
  4 kobold skeletons (Ossuary)
  A leopard gecko skeleton (D:4)
  A leopard gecko zombie (D:5)
  13 orc skeletons
  3 orc zombies (D:10)
  2 quokka skeletons
  6 rats
  A ballistomycete spore (Snake:3)
  A tentacle (Shoals:4)
  4 toadstools
936 creatures vanquished.

Vanquished Creatures (collateral kills)
  Agnes (Snake:1)
  A merfolk impaler (Shoals:4)
  A naga warrior (Snake:2)
  A catoblepas (Lair:6)
  2 centaur warriors
  A satyr (Shoals:2)
  3 anacondas (Snake:1)
  3 harpies
  A queen ant (D:12)
  5 death yaks
  A naga sharpshooter (Snake:3)
  An unseen horror (D:11)
  A sea snake (Shoals:2)
  4 ugly things
  2 orc sorcerers (Orc:2)
  A mana viper (Snake:1)
  4 merfolk sirens
  A cyclops (Shoals:4)
  A manticore (Lair:6)
  A salamander (Snake:1)
  2 black mambas
  An elephant (Lair:6)
  A gargoyle (D:11)
  2 komodo dragons
  7 merfolk
  A troll (D:11)
  A polar bear (IceCv)
  A wind drake (Shoals:4)
  3 slime creatures
  5 blink frogs
  A hornet (D:15)
  5 snapping turtles
  3 hippogriffs
  16 yaks
  2 water elementals (Shoals:4)
  3 wraiths (Orc:1)
  A human (D:7)
  A fire elemental (Orc:2)
  5 soldier ants (D:12)
  3 sky beasts
  A black bear (D:12)
  4 orc warriors
  9 wolves
  4 ogres
  2 centaurs
  2 crocodiles
  3 bullfrogs
  A wyvern zombie (D:15)
  A scorpion (D:14)
  4 killer bees (D:11)
  A troll skeleton (D:10)
  2 wights
  An electric eel (D:11)
  A crimson imp (D:14)
  A bullfrog zombie (D:11)
  A bullfrog skeleton (D:10)
  An orc priest (D:9)
  The ghost of ciphuk the Vexing, a weakling FeEn (D:3)
  An orc wizard (Orc:2)
  An iguana (D:5)
  2 worker ants
  2 gnolls
  An adder (D:5)
  7 orcs
  A quokka (D:7)
  A goblin skeleton (D:10)
  3 hobgoblin skeletons (D:10)
  A kobold (D:9)
  3 orc skeletons (D:10)
  A ballistomycete spore (Shoals:2)
164 creatures vanquished.

Vanquished Creatures (others)
  A centaur warrior (Shoals:4)
  A sea snake (Shoals:4)
  4 harpies
  A wolf spider zombie (D:15)
  4 oklob plants
  A manticore (Shoals:4)
  An acid dragon (D:14)
  A hornet zombie (D:12)
  3 necrophages
  43 wandering mushrooms
  3 ballistomycetes
  2 ballistomycete spores
  19 fungi
  35 plants
  66 tentacles (Shoals:4)
  977 toadstools
1162 creatures vanquished.

Grand Total: 2262 creatures vanquished

Notes
Turn   | Place    | Note
-------+----------+-------------------------------------------
     0 | D:1      | M4edhros the Octopode Artificer began the quest for the Orb.
     0 | D:1      | Reached XP level 1. HP: 13/13 MP: 3/3
   170 | D:1      | Reached XP level 2. HP: 16/18 MP: 4/4
   330 | D:1      | Reached XP level 3. HP: 7/23 MP: 5/5
   885 | D:3      | Reached skill level 5 in Stealth
   905 | D:3      | Noticed ciphuk's ghost (weakling FeEn)
   930 | D:3      | Reached XP level 4. HP: 9/28 MP: 6/6
  1236 | D:3      | Found a blossoming altar of Fedhas.
  1277 | D:3      | Became a worshipper of Fedhas Madash
  1517 | D:1      | Reached * piety under Fedhas
  1874 | D:2      | Noticed Jessica
  1880 | D:2      | Killed Jessica
  1880 | D:2      | Reached skill level 1 in Invocations
  1880 | D:2      | Reached XP level 5. HP: 33/33 MP: 7/7
  1960 | D:3      | Killed ciphuk's ghost
  2028 | D:3      | Found a faded altar of an unknown god.
  2098 | D:4      | Found a sand-covered staircase.
  2098 | D:4      | Noticed Blork the orc
  2102 | D:4      | Killed Blork the orc
  2115 | Ossuary  | Entered an ossuary
  2328 | Ossuary  | Reached XP level 6. HP: 23/39 MP: 8/8
  2552 | Ossuary  | Reached ** piety under Fedhas
  3188 | D:4      | Reached XP level 7. HP: 21/45 MP: 9/9
  3242 | D:5      | Entered Level 5 of the Dungeon
  3469 | D:5      | Reached *** piety under Fedhas
  3591 | D:5      | Got a crystal hunting sling
  3606 | D:5      | Identified the +7 hunting sling "Duluifes" {flame, *Corrode rF++ rC+} (You found it on level 5 of the Dungeon)
  3633 | D:5      | Reached skill level 5 in Invocations
  3633 | D:5      | Reached XP level 8. HP: 47/52 MP: 11/11
  3657 | D:5      | Reached skill level 1 in Slings
  4075 | D:6      | Reached XP level 9. HP: 58/58 MP: 13/13
  4346 | D:6      | Learned a level 3 spell: Mephitic Cloud
  4350 | D:6      | Learned a level 3 spell: Conjure Flame
  4488 | D:6      | Reached skill level 5 in Dodging
  4728 | D:7      | Found a white marble altar of Elyvilon.
  4813 | D:7      | Found a staircase to the Ecumenical Temple.
  4890 | D:7      | Reached skill level 5 in Fighting
  4890 | D:7      | Reached skill level 5 in Slings
  4982 | D:7      | Reached **** piety under Fedhas
  5309 | D:7      | Reached XP level 10. HP: 51/66 MP: 16/16
  5408 | D:7      | Reached skill level 10 in Stealth
  6230 | D:9      | Noticed a two-headed ogre
  6237 | D:9      | Killed a two-headed ogre
  6589 | D:9      | Reached ***** piety under Fedhas
  6596 | D:9      | Reached XP level 11. HP: 33/72 MP: 18/18
  6937 | D:9      | Found an opulent altar of Gozag.
  6967 | D:10     | Entered Level 10 of the Dungeon
  7178 | D:10     | Found a staircase to the Orcish Mines.
  7938 | D:10     | Noticed Snorg
  7947 | D:10     | HP: 2/74 [Snorg (9)]
  8128 | D:10     | Killed Snorg
  8128 | D:10     | Reached skill level 10 in Invocations
  8312 | D:10     | Reached skill level 5 in Evocations
  8589 | D:11     | Found Seatoo's Distillery.
  8609 | D:11     | Noticed a red ugly thing
  8616 | D:11     | Killed a red ugly thing
  8735 | D:11     | Noticed a sun demon
  8746 | D:11     | Noticed an unseen horror
  8751 | D:11     | Killed an unseen horror
  8772 | D:11     | Bought a potion of heal wounds for 70 gold pieces
  8925 | D:11     | Found a staircase to the Lair.
  9067 | D:11     | Paralysed by fainting for 6 turns
  9186 | D:12     | Noticed a queen ant
  9202 | D:12     | Killed a queen ant
  9202 | D:12     | Reached XP level 12. HP: 71/81 MP: 18/20
  9321 | D:12     | HP: 4/81 [poisoned by a soldier ant]
  9511 | D:12     | Noticed an entropy weaver
  9516 | D:12     | Noticed an entropy weaver
  9525 | D:12     | Killed an entropy weaver
  9545 | D:12     | Killed an entropy weaver
  9993 | D:12     | Reached ****** piety under Fedhas
 10531 | D:13     | Noticed a rakshasa
 10635 | Lair:1   | Entered Level 1 of the Lair of Beasts
 10905 | Lair:1   | Found a frozen archway.
 10934 | IceCv    | Entered an ice cave
 11030 | IceCv    | Reached skill level 1 in Air Magic
 11034 | IceCv    | Reached skill level 1 in Fire Magic
 11034 | IceCv    | Reached skill level 1 in Poison Magic
 11042 | IceCv    | Reached skill level 1 in Spellcasting
 11042 | IceCv    | Reached XP level 13. HP: 73/88 MP: 21/21
 11045 | IceCv    | Reached skill level 1 in Conjurations
 11426 | IceCv    | Reached skill level 10 in Slings
 12039 | IceCv    | Noticed a frost giant
 12087 | IceCv    | HP: 3/88 [frost giant/bolt of cold (23)]
 12088 | IceCv    | Killed a frost giant
 14057 | Lair:3   | Found a staircase to the Shoals.
 14086 | Lair:3   | Noticed Fannar
 14099 | Lair:3   | Killed Fannar
 14099 | Lair:3   | Reached XP level 14. HP: 90/94 MP: 23/23
 14333 | Lair:3   | Noticed Nergalle
 14353 | Lair:3   | Killed Nergalle
 14642 | Lair:4   | Found a staircase to the Snake Pit.
 14769 | Lair:4   | Identified 2 scrolls of acquirement
 14786 | Lair:4   | Got a translucent shield
 14792 | Lair:4   | Identified the +0 shield "Doujoin" {Str+7} (You acquired it on level 4 of the Lair of Beasts)
 14828 | Lair:4   | Found a dark tunnel.
 14836 | Volcano  | Entered a volcano
 14997 | Volcano  | Reached skill level 1 in Shields
 16355 | Lair:5   | Found a staircase to the Slime Pits.
 16355 | Lair:5   | Found a viscous altar of Jiyva.
 16454 | Lair:5   | Reached skill level 1 in Maces & Flails
 16680 | Lair:6   | Entered Level 6 of the Lair of Beasts
 16937 | Orc:1    | Entered Level 1 of the Orcish Mines
 17129 | Orc:1    | Noticed Josephine
 17138 | Orc:1    | Killed Josephine
 17277 | Orc:2    | Entered Level 2 of the Orcish Mines
 17303 | Orc:2    | Found Ruiliopp's Book Shoppe.
 17315 | Orc:2    | Found a burning altar of Makhleb.
 17404 | Orc:2    | Found Saocuece's Gadget Emporium.
 17442 | Orc:2    | Found Opnytouf's Magic Scroll Shoppe.
 17497 | Orc:2    | Noticed Azrael
 17678 | Orc:2    | Killed Azrael
 17784 | Orc:2    | Found a staircase to the Elven Halls.
 17786 | Orc:2    | Found Irelasm's Armour Shop.
 18078 | Orc:2    | Found Umisi's Magic Scroll Emporium.
 18109 | Orc:2    | Found Meoheb's Antique Weapon Shoppe.
 18161 | Orc:2    | Found an ancient bone altar of Kikubaaqudgha.
 18175 | Orc:2    | Reached skill level 10 in Evocations
 18199 | Orc:2    | Noticed Erolcha
 18210 | Orc:2    | Killed Erolcha
 18234 | Orc:2    | Found a roughly hewn altar of Beogh.
 18234 | Orc:2    | Found Sex Wox's Gadget Shoppe.
 18336 | Orc:2    | Found Nogyck's Magic Scroll Emporium.
 18370 | Orc:2    | Found a radiant altar of Vehumet.
 18603 | Orc:2    | Bought a book of Battle for 600 gold pieces
 18607 | Orc:2    | Learned a level 3 spell: Regeneration
 18610 | Orc:2    | Learned a level 2 spell: Song of Slaying
 18614 | Orc:2    | Learned a level 3 spell: Spectral Weapon
 18619 | Orc:2    | Learned a level 4 spell: Leda's Liquefaction
 18879 | Lair:6   | Reached XP level 15. HP: 100/100 MP: 24/24
 18881 | Lair:6   | Noticed Nessos
 18907 | Lair:6   | Killed Nessos
 18907 | Lair:6   | Reached skill level 5 in Shields
 19053 | Lair:6   | Reached skill level 1 in Charms
 19061 | Lair:6   | Reached skill level 1 in Necromancy
 19367 | Lair:6   | Reached skill level 5 in Maces & Flails
 19410 | Lair:6   | Gained mutation: You possess an exceptional clarity of mind. [potion of mutation]
 19410 | Lair:6   | Gained mutation: You occasionally shout uncontrollably at your foes. [potion of mutation]
 19410 | Lair:6   | Gained mutation: Your skin blends seamlessly with your surroundings (Stealth++). [potion of mutation]
 19410 | Lair:6   | Gained mutation: You are somewhat resistant to further mutation. [potion of mutation]
 19588 | Lair:6   | Found the +8 demon blade "Leech" {vamp, rN+ AC-3 EV-3}
 20132 | D:13     | Found a stormy altar of Qazlal.
 20135 | D:13     | Noticed Somebody's ghost (journeyman DECj)
 20833 | D:14     | Found a flagged portal.
 20929 | Bailey   | Entered a bailey
 21019 | Bailey   | Found a burning altar of Makhleb.
 21119 | D:14     | Noticed Frances
 21131 | D:14     | Killed Frances
 21330 | D:14     | Found Niwufuf's Weapon Boutique.
 21403 | D:15     | Entered Level 15 of the Dungeon
 21880 | D:15     | Found a staircase to the Depths.
 22199 | Shoals:1 | Entered Level 1 of the Shoals
 22207 | Shoals:1 | Reached XP level 16. HP: 81/106 MP: 25/25
 22760 | Shoals:2 | Noticed Aizul
 22906 | Shoals:2 | Reached skill level 5 in Spellcasting
 22974 | Shoals:2 | Found Zamuab Loah's Food Shoppe.
 23682 | Shoals:2 | Killed Aizul
 23886 | Shoals:3 | Got a translucent dagger
 23887 | Shoals:3 | Identified the +7 dagger of Contradiction {freeze, rPois} (You found it on level 3 of the Shoals)
 24065 | Shoals:4 | Entered Level 4 of the Shoals
 24070 | Shoals:4 | Noticed Ilsuiw
 24077 | Shoals:4 | Noticed Kriby's ghost (adept TrMo)
 24178 | Shoals:4 | Noticed a kraken
 24252 | Shoals:4 | Killed a kraken
 24437 | Shoals:4 | Killed Ilsuiw
 24568 | Shoals:4 | Identified the Collected Works on Necromancy
 24631 | Shoals:4 | Reached XP level 17. HP: 30/111 MP: 22/27
 24984 | Shoals:4 | Reached skill level 10 in Shields
 24997 | Shoals:4 | Noticed a kraken
 25344 | Shoals:4 | Got a barnacled rune of Zot
 25375 | Shoals:4 | Reached skill level 10 in Maces & Flails
 25437 | Shoals:4 | Found Wyshes's Assorted Antiques.
 25633 | Shoals:4 | Killed a kraken
 25840 | Snake:1  | Entered Level 1 of the Snake Pit
 25961 | Snake:1  | Noticed Agnes
 25971 | Snake:1  | Killed Agnes
 25971 | Snake:1  | Reached skill level 10 in Dodging
 26943 | Snake:2  | Noticed Vashnia
 26989 | Snake:2  | Killed Vashnia
 27182 | Snake:2  | Found Hicsoq's General Store.
 27386 | Snake:2  | Reached XP level 18. HP: 46/117 MP: 30/30
 27541 | Snake:3  | Noticed Donald
 27551 | Snake:3  | Killed Donald
 27554 | Snake:3  | Got an ancient shield {Donald}
 27567 | Snake:3  | Identified the +5 shield of the Bruised Ghosts {MR+ Dex+4 Stlth+} (You took it off Donald on level 3 of the Snake Pit)
 27572 | Snake:3  | Shot with a bolt by a naga sharpshooter

Vault maps used:
D:1:      lightli_arrival_quake, hangedman_decor_growths, minmay_octomino_c4
D:2:      uniq_jessica
D:3:      chequers_ecumenical_altar_island, first_ration, lemuel_tele_altar
D:4:      lightli_ossuary_entry_decrepit_ruins, uniq_blork_the_orc
D:6:      wad_guarded_room
D:7:      elyvilon_altar_5, minmay_temple_entry_statues_fountains,
          grunt_livestock, minmay_item_behind_shaft, serial_bayou_lake_a
D:8:      serial_undead, serial_undead_f, serial_undead_b, serial_undead_f,
          serial_undead_e
D:9:      kennysheep_little_box
D:10:     zombieorc2_lemuel, uniq_snorg
D:11:     serial_shops, shop
D:12:     st_stairs_12, minivault_29
D:13:     basic_altar, grunt_qazlal_sundering
D:14:     erik_vaults_2, minmay_misc_feat_more_columns, serial_shops, shop,
          enter_bailey_8, uniq_frances
D:15:     hangedman_depths_entry_try_elsewhere_first, serial_park_tiny_1
Lair:1:   portal_ice_cave_rime
Lair:2:   grunt_megastairs_2, lemuel_fruit_tree, infiniplex_staircase_pool_2,
          lemuel_fruit_fields
Lair:3:   minmay_shoals_entry_lonely_mermaid, uniq_fannar, uniq_nergalle
Lair:4:   guppyfry_snake_entry_garden, enter_volcano_2
Lair:5:   slime_altar_1, patterned_corridor
Lair:6:   evilmike_catoblepas_cave, hangedman_lair_unloving_vines, minivault_23,
          st_stairs_3, dpeg_oklob_1, uniq_nessos
Shoals:2: serial_shops, shop, nicolae_shoals_flooded_hall, uniq_aizul
Shoals:4: shoals_end_simple, shoal_ilsuiw, serial_shops, nicolae_shop_crystal,
          hangedman_shoals_cup_caves
Snake:1:  grunt_ministairs_12, uniq_agnes
Snake:2:  serial_shops, shop, grunt_megastairs_4, serial_bayou_shore_b,
          uniq_vashnia
Snake:3:  abandoned_shop, uniq_donald
Orc:1:    uniq_josephine, uniq_maurice
Orc:2:    kennysheep_orc_mage_school, serial_shops, shop_coins, shop_fountains,
          shop, shop, abandoned_shop, bloody_makhleb, uniq_azrael
Ossuary:  ossuary_tomb_2
Bailey:   bailey_axe_3, bailey
IceCv:    ice_cave_caverns_01
Volcano:  volcano_village

Skill      XL: |  1  2  3  4  5  6  7  8  9 10 11 12 13 14 15 16 17 18 |
---------------+-------------------------------------------------------+-----
Stealth        | 2 4 5 6 7 8 9 10 11 12 13 | 13.6
Invocations    | 1 2 3 5 6 8 9 10 11 12 13 | 13.3
Fighting       | 2 3 4 5 6 7 8 9 |  9.0
Dodging        | 3 4 5 6 7 8 9 10 | 10.9
Slings         | 3 5 7 8 9 10 11 | 11.9
Evocations     | 6 8 9 10 | 10.0
Air Magic      | 1 2 3 |  3.1
Fire Magic     | 1 3 |  3.3
Poison Magic   | 1 3 |  3.7
Spellcasting   | 1 2 4 7 8 |  8.3
Conjurations   | 2 3 |  3.2
Shields        | 4 7 9 11 | 11.3
Maces & Flails | 4 6 9 11 | 11.1
Charms         | 4 |  4.6
Necromancy     | 4 |  4.5
Short Blades   | |  1.0

Action                   |  1- 3 |  4- 6 |  7- 9 | 10-12 | 13-15 | 16-18 || total
-------------------------+-------+-------+-------+-------+-------+-------++-------
Melee: Short sword       |    87 |   133 |    24 |       |       |       ||   244
       Constrict         |    23 |    41 |     6 |     1 |    48 |    65 ||   184
       Tentacles         |    13 |    28 |     3 |     1 |    78 |   114 ||   237
       Hunting sling     |       |       |       |     2 |     5 |       ||     7
       Falchion          |       |       |       |       |    13 |       ||    13
       Eveningstar       |       |       |       |       |   245 |   322 ||   567
 Fire: Hunting sling     |       |       |   202 |   947 |  1058 |   567 ||  2774
       Fustibalus        |       |       |       |       |       |    14 ||    14
Throw: Stone             |       |       |       |       |       |     2 ||     2
 Cast: Mephitic Cloud    |       |       |       |       |    13 |    13 ||    26
       Regeneration      |       |       |       |       |    25 |   119 ||   144
       Conjure Flame     |       |       |       |       |     1 |       ||     1
Invok: Fungal Bloom      |       |    22 |    35 |    78 |    92 |    65 ||   292
       Evolution         |       |     1 |     3 |    11 |    15 |    22 ||    52
       Sunlight          |       |       |     1 |    10 |     5 |       ||    16
       Rain              |       |       |       |     2 |       |       ||     2
       Reproduction      |       |       |       |       |       |     3 ||     3
Evoke: Wand              |     2 |     1 |     2 |    17 |    45 |    73 ||   140
       Phial of floods   |       |       |       |       |     1 |     1 ||     2
  Use: Potion            |     3 |       |       |     3 |     4 |     7 ||    17
       Scroll            |       |       |     1 |       |    29 |    14 ||    44
 Stab: Sleeping          |     4 |    16 |     4 |       |    11 |    11 ||    46
       Paralysed         |       |       |       |       |     8 |       ||     8
       Confused          |       |       |       |       |       |     9 ||     9
       Betrayed ally     |       |       |       |       |       |     2 ||     2
       Distracted        |       |       |       |       |       |     2 ||     2
  Eat: Chunk             |       |     2 |     8 |    14 |    48 |    26 ||    98
       Ration            |       |     1 |       |     1 |     1 |       ||     3
Armor: Skin              |    12 |     7 |     4 |     7 |    23 |     9 ||    62
Dodge: Dodged            |    73 |    71 |    37 |   151 |   289 |   239 ||   860
Block: Shield            |       |       |       |       |   129 |   268 ||   397
       Rpst.: Falchion   |       |       |       |       |     2 |       ||     2

Table legend:
 A = Spawn XP
 B = Non-spawn XP
 C = Spawn XP percentage of total XP
 D = Spawn monster count
 E = Non-spawn monster count
 F = Spawn count percentage of total count
 G = Total turns spent on level
                    A         B        C        D         E        F      G
               +---------+---------+-------+---------+---------+-------+---------
         Total |       0 |  251024 |   0.0 |       0 |    1092 |   0.0 | 27572
               +---------+---------+-------+---------+---------+-------+---------
           D:1 |       0 |      59 |   0.0 |       0 |      34 |   0.0 |   851
           D:2 |       0 |      67 |   0.0 |       0 |      12 |   0.0 |   571
           D:3 |       0 |      94 |   0.0 |       0 |      24 |   0.0 |   678
           D:4 |       0 |     210 |   0.0 |       0 |      12 |   0.0 |   206
           D:5 |       0 |    1168 |   0.0 |       0 |      28 |   0.0 |   676
           D:6 |       0 |    1461 |   0.0 |       0 |      21 |   0.0 |   712
           D:7 |       0 |    2361 |   0.0 |       0 |      38 |   0.0 |   934
           D:8 |       0 |    1727 |   0.0 |       0 |      39 |   0.0 |   566
           D:9 |       0 |    2463 |   0.0 |       0 |      35 |   0.0 |   837
          D:10 |       0 |    3526 |   0.0 |       0 |      64 |   0.0 |  1417
          D:11 |       0 |    4291 |   0.0 |       0 |      50 |   0.0 |   883
          D:12 |       0 |   11511 |   0.0 |       0 |      83 |   0.0 |  1579
          D:13 |       0 |    5978 |   0.0 |       0 |      24 |   0.0 |   468
          D:14 |       0 |   11432 |   0.0 |       0 |      39 |   0.0 |   700
          D:15 |       0 |    7171 |   0.0 |       0 |      24 |   0.0 |   606
        Lair:1 |       0 |    4742 |   0.0 |       0 |      19 |   0.0 |   817
        Lair:2 |       0 |    5734 |   0.0 |       0 |      29 |   0.0 |   917
        Lair:3 |       0 |    4519 |   0.0 |       0 |      17 |   0.0 |   765
        Lair:4 |       0 |    7327 |   0.0 |       0 |      29 |   0.0 |   954
        Lair:5 |       0 |     866 |   0.0 |       0 |       3 |   0.0 |   831
        Lair:6 |       0 |   19027 |   0.0 |       0 |      51 |   0.0 |  1185
      Shoals:1 |       0 |    7639 |   0.0 |       0 |      20 |   0.0 |   627
      Shoals:2 |       0 |   22324 |   0.0 |       0 |      51 |   0.0 |  1062
      Shoals:3 |       0 |    5075 |   0.0 |       0 |      11 |   0.0 |   329
      Shoals:4 |       0 |   42955 |   0.0 |       0 |      74 |   0.0 |  1569
       Snake:1 |       0 |   18430 |   0.0 |       0 |      32 |   0.0 |   859
       Snake:2 |       0 |   20603 |   0.0 |       0 |      28 |   0.0 |   840
       Snake:3 |       0 |    4486 |   0.0 |       0 |       5 |   0.0 |    33
         Orc:1 |       0 |    3255 |   0.0 |       0 |      18 |   0.0 |   385
         Orc:2 |       0 |   11945 |   0.0 |       0 |      72 |   0.0 |  1332
       Ossuary |       0 |     224 |   0.0 |       0 |      25 |   0.0 |   936
        Bailey |       0 |     932 |   0.0 |       0 |      16 |   0.0 |   161
         IceCv |       0 |   12669 |   0.0 |       0 |      56 |   0.0 |  1651
       Volcano |       0 |    4753 |   0.0 |       0 |       9 |   0.0 |   635
               +---------+---------+-------+---------+---------+-------+---------
